 Dungeon Sprint DCSS version 0.17-a0-1830-g81820eb (webtiles) character file.

209350 Kidiri the Hoplite (level 17, -2/193 HPs)
             Began as a Gargoyle Fighter on Sept 13, 2015.
             Was the Champion of Trog.
             Splashed by an acid blob's acid (15 damage)
             ... created by the royal jelly
             ... in the Dungeon (Sprint III: "The Ten Rune Challenge") on Sept 14, 2015.
             The game lasted 02:18:24 (16536 turns).

Kidiri the Hoplite (Gargoyle Fighter)              Turns: 16536, Time: 02:18:24

Health: -2/193     AC: 25    Str: 35    XL:     17   Next: 42%
Magic:  20/20      EV: 19    Int: 11    God:    Trog [******]
Gold:   3484       SH:  0    Dex: 12    Spells: 0 memorised, 16 levels left

rFire  + . .     SeeInvis +     E - +6 morningstar (flame)
rCold  + . .     Clarity  .     n - +8 chain mail of the King of the Hill {rC+ SInv}
rNeg   + + +     SustAt   .     z - +2 large shield {reflect}
rPois  ∞         Gourm    .     b - +2 hat
rElec  +         Spirit   .     g - +0 cloak of the Doldrums {MR+}
rCorr  .         Warding  .     (no gloves)
rMut   +         NoTele   +     o - +2 pair of boots "Sytosewn" {*Confuse rN++ MR+ Dex+3}
MR     +++++                    y - amulet of resist mutation
Stlth  ..........               h - +2 ring of protection
                                f - +3 ring of strength

@: confused, berserking, corroded equipment, very slightly contaminated,
regenerating, very quick, almost entirely resistant to hostile enchantments,
extremely unstealthy
A: big wings, claws 1, horns 1, blurry vision 2, clever 1, fire resistance 1,
low mp 2, negative energy resistance 1, electricity resistance, unbreathing,
petrification resistance, rot immunity, AC +12
a: Fly, Burn Spellbooks, Berserk, Trog's Hand, Brothers in Arms, Renounce
Religion
}: 4/10 runes: serpentine, barnacled, silver, golden


You were in the Dungeon.
You worshipped Trog.
Trog was exalted by your worship.
You were not hungry.

You visited 1 branch You collected 5105 gold pieces.
You spent 1621 gold pieces at shops.

Inventory:

Hand weapons
 e - a +5 eveningstar of crushing
 i - a +6 morningstar of protection
 E - a +6 morningstar of flaming (weapon)
Armour
 b - a +2 hat (worn)
 g - the +0 cloak of the Doldrums (worn) {MR+}
   (You acquired it in the Dungeon)

   It affects your resistance to hostile enchantments.
 n - the +8 chain mail of the King of the Hill (worn) {rC+ SInv}
   (You bought it in a shop in the Dungeon)

   It protects you from cold.
   It lets you see invisible.
 o - the +2 pair of boots "Sytosewn" (worn) {*Confuse rN++ MR+ Dex+3}
   (You bought it in a shop in the Dungeon)

   It affects your dexterity (+3).
   It greatly protects you from negative energy.
   It affects your resistance to hostile enchantments.
   It may confuse you when you take damage.
 p - the +7 large shield of Dugiggaa {rC++ Regen+ Str+4 Dex-5}
   (You acquired it in the Dungeon)

   It affects your strength (+4).
   It affects your dexterity (-5).
   It greatly protects you from cold.
   It increases your rate of regeneration.
 z - a +2 large shield of reflection (worn)
 O - a +1 cloak
Jewellery
 c - an uncursed ring of protection from cold
 f - a +3 ring of strength (left claw)
 h - a +2 ring of protection (right claw)
 t - the amulet "Morystri" {+Rage rC++ Dex+3}
   (You took it off a deep elf annihilator in the Dungeon)

   [amulet of rage]

   It affects your dexterity (+3).
   It greatly protects you from cold.
   It lets you go berserk.
 y - an amulet of resist mutation (around neck)
 L - an uncursed ring of protection from fire
Magical devices
 x - a wand of digging (14)
 J - a wand of lightning (1)
 M - a wand of polymorph (13)
 V - a wand of fire (7)
Scrolls
 k - a scroll of blinking
 l - a scroll of recharging
 q - a scroll of immolation
 u - 2 scrolls of torment
 A - a scroll of fog
 C - 2 scrolls of remove curse
 G - a scroll of identify
 P - a scroll of silence
Potions
 a - a potion of curing
 d - 2 potions of might
 j - 2 potions of berserk rage
 m - a potion of brilliance
 s - 2 potions of cure mutation
 w - a potion of invisibility
 D - a potion of agility
 K - 3 potions of flight
Comestibles
 v - 16 royal jellies


   Skills:
 * Level 22.4 Fighting
 - Level 18.8 Maces & Flails
 * Level 26.9 Armour
 * Level 19.3 Dodging
 * Level 26.9 Shields
 - Level 10.7 Evocations


You had 16 spell levels left.
You didn't know any spells.

Dungeon Overview and Level Annotations

Branches:
Dungeon (1/1)

Altars:
Cheibriados
Dithmenos
Elyvilon
Fedhas
Gozag
Kikubaaqudgha
Makhleb
Nemelex Xobeh
Okawaru
Qazlal
Ru
Sif Muna
Trog
Vehumet
Xom
Yredelemnul
Zin
The Shining One
Jiyva
Lugonu

Shops:
D }[?[:%[:%}[}[!}[?(=

Annotations:
D exclusion: 4 statues


Innate Abilities, Weirdness & Mutations

You are resistant to torment.
Your stone body is resilient (AC +12).
You are immune to poison.
Your large and strong wings let you fly indefinitely.
You resist negative energy.
You are resistant to electric shocks.
You can survive without breathing.
You are immune to petrification.
You are immune to rotting.
You have sharp fingernails.
You have a pair of small horns on your head.
Scrolls take you longer to read.
Your mind is acute. (Int +2)
Your flesh is heat resistant.
Your magical capacity is very low (-20% MP).


Message History

The splash of acid hits you!
* * * LOW HITPOINT WARNING * * *
The acid burns!
* * * LOW HITPOINT WARNING * * *
The azure jelly closely misses you. x2
The azure jelly hits you but does no damage. x2
The death ooze hits you but does no damage.
The death ooze misses you.
You are too berserk!
Unknown command.
You impale the acid blob!! You burn the acid blob!
Your claws burn!
* * * LOW HITPOINT WARNING * * *
You are more confused.
You headbutt the acid blob!!
The acid blob is almost dead.
The acid blob spits acid at you. The splash of acid hits you!
* * * LOW HITPOINT WARNING * * *
The acid corrodes you!
The acid burns!
You die...

▓...#≈≈≈...........♣
▓...#≈≈≈≈..........♣
#§#############+####
##.###### #.....
##.#...### #.....
##.......## ######
##.JJ......#* ##....
#.JJJ###....# #.....
#.J@##)##...# #..###
##JJ#.φ}#..## #.....
#JJJ##)##...# ##....
#JJJJ###....# #####
##.JJ......## ##....
##.......## #∩....
###...### #∩.###
*#### #∩.... ##....


You could see 4 acid blobs, 4 azure jellies and 9 death oozes.

Vanquished Creatures
  the royal jelly (D)
  2 greater mummies (D)
  Norris (D)
  3 golden dragons (D)
  3 bone dragons (D)
  A lich (D)
  Rupert (D)
  A quicksilver dragon (D)
  A titan (D)
  Polyphemus (D)
  Gastronok (D)
  2 sphinxes (D)
  Chuck (D)
  4 shadow dragons (D)
  9 azure jellies (D)
  Ilsuiw (D)
  Maud (D)
  A frost giant (D)
  4 vampire knights (D)
  A dire elephant (D)
  Azrael (D)
  2 deep elf annihilators (D)
  A merfolk javelineer (D)
  A fire dragon (D)
  6 mummy priests (D)
  16 vault guards (D)
  3 yaktaur captains (D)
  2 deep elf high priests (D)
  Erolcha (D)
  2 anacondas (D)
  2 hydras (D)
  4 dancing weapons (D)
  2 centaur warriors (D)
  An ogre mage (D)
  4 death yaks (D)
  6 skeletal warriors (D)
  A sea snake (D)
  A spriggan druid (D)
  A death drake (D)
  A lindwurm (shapeshifter) (D)
  An obsidian statue (D)
  3 ugly things (D)
  Joseph (D)
  4 deep elf conjurers (D)
  2 orc knights (D)
  A lindwurm (D)
  4 crystal guardians (D)
  2 orc sorcerers (D)
  2 shining eyes (D)
  4 black mambas (D)
  A guardian serpent (D)
  2 elephants (D)
  A guardian serpent (shapeshifter) (D)
  An orange demon (D)
  A rust devil (D)
  2 torpor snails (shapeshifter) (D)
  An orange crystal statue (D)
  A yaktaur (D)
  4 deep elf priests (D)
  A fire drake (D)
  3 wandering mushrooms (D)
  18 guardian mummies (D)
  4 spriggan defenders (D)
  A troll (shapeshifter) (D)
  2 orc high priests (D)
  A boulder beetle (shapeshifter) (D)
  6 slime creatures (D)
  8 blink frogs (D)
  A queen bee (D)
  A trapdoor spider (D)
  2 spriggans (D)
  3 redbacks (D)
  A shadow (D)
  2 hill giants (D)
  2 water moccasins (D)
  A hydra simulacrum (D)
  A spatial vortex (D)
  3 orc warriors (D)
  A swamp drake (D)
  2 fire dragon simulacra (D)
  A necrophage (D)
  3 two-headed ogres (D)
  2 brain worms (D)
  32 killer bees (D)
  A water elemental (D)
  An electric eel (D)
  6 orc priests (D)
  A jelly (D)
  Jessica (D)
  A polar bear simulacrum (D)
  A wizard (D)
  3 necromancers (D)
  A wolf (D)
  A kobold demonologist (D)
  3 sheep (D)
  3 humans (D)
  4 adders (D)
  5 giant eyeballs (D)
  2 oozes (D)
  An adder zombie (D)
  7 orcs (D)
  A giant cockroach zombie (D)
  A quokka zombie (D)
  A rat (D)
  7 bushes (D)
  A butterfly (D)
  18 plants (D)
309 creatures vanquished.

Vanquished Creatures (collateral kills)
  A deep elf blademaster (D)
  Harold (D)
  A greater naga (D)
  A dire elephant (D)
  A naga warrior (D)
  An anaconda (D)
  A komodo dragon (D)
  2 spiny frogs (D)
  A redback (D)
  A trapdoor spider (D)
  2 nagas (D)
  A water moccasin (D)
  2 adders (D)
16 creatures vanquished.

Vanquished Creatures (others)
  2 draconian scorchers (D)
  4 yaktaurs (D)
  A bush (D)
  8 plants (D)
15 creatures vanquished.

Grand Total: 340 creatures vanquished

Notes
Turn   | Place    | Note
--------------------------------------------------------------
     0 | D        | Kidiri the Gargoyle Fighter began the quest for the Orb.
     0 | D        | Reached XP level 1. HP: 14/14 MP: 1/1
    16 | D        | Reached skill level 4 in Armour
    16 | D        | Reached XP level 2. HP: 16/19 MP: 2/2
    73 | D        | Noticed Jessica
    74 | D        | Killed a yaktaur
    79 | D        | Killed Jessica
    79 | D        | Reached skill level 1 in Dodging
    79 | D        | Reached XP level 3. HP: 13/24 MP: 3/3
   191 | D        | Killed a white draconian scorcher
   213 | D        | Noticed a wolf
   225 | D        | Killed a white draconian scorcher
   232 | D        | Reached skill level 5 in Armour
   232 | D        | Reached skill level 5 in Shields
   358 | D        | Killed a wolf
   358 | D        | Reached XP level 4. HP: 30/30 MP: 4/4
   382 | D        | Gained mutation: You have sharp fingernails. [potion of mutation]
   382 | D        | Gained mutation: You have a pair of small horns on your head. [potion of mutation]
   382 | D        | Gained mutation: Your flesh is heat resistant. [potion of mutation]
   383 | D        | Gained mutation: Scrolls take you a little longer to read. [potion of mutation]
   383 | D        | Gained mutation: Your spells are a little easier to cast, but a little less powerful. [potion of mutation]
   384 | D        | Gained mutation: You are resistant to hostile enchantments. [potion of beneficial mutation]
   394 | D        | Noticed a water elemental
   410 | D        | Killed a water elemental
   410 | D        | Reached skill level 5 in Maces & Flails
   410 | D        | Reached skill level 6 in Armour
   410 | D        | Reached XP level 5. HP: 29/34 MP: 5/5
   456 | D        | Found an iron altar of Okawaru.
   456 | D        | Found a bloodstained altar of Trog.
   456 | D        | Noticed a human
   456 | D        | Noticed a human
   492 | D        | Killed a human
   492 | D        | Reached skill level 5 in Fighting
   492 | D        | Reached skill level 7 in Armour
   492 | D        | Reached XP level 6. HP: 31/40 MP: 6/6
   496 | D        | Killed a human
   496 | D        | Reached skill level 8 in Armour
   566 | D        | Became a worshipper of Trog the Wrathful
   580 | D        | Found a radiant altar of Vehumet.
   580 | D        | Found a deep blue altar of Sif Muna.
   580 | D        | Found an ancient bone altar of Kikubaaqudgha.
   580 | D        | Noticed a wizard
   581 | D        | Acquired Trog's first power
   581 | D        | Killed a wizard
   588 | D        | Acquired Trog's second power
   615 | D        | Found a glowing silver altar of Zin.
   616 | D        | Found a glowing golden altar of the Shining One.
   616 | D        | Found a white marble altar of Elyvilon.
   616 | D        | Noticed a deep elf priest
   632 | D        | Killed a deep elf priest
   632 | D        | Reached skill level 9 in Armour
   632 | D        | Reached XP level 7. HP: 14/47 MP: 7/7
   820 | D        | Found a basalt altar of Yredelemnul.
   820 | D        | Found a snail-covered altar of Cheibriados.
   820 | D        | Found a blossoming altar of Fedhas.
   820 | D        | Noticed a necrophage
   820 | D        | Noticed a necromancer
   827 | D        | Killed a necrophage
   828 | D        | Killed a necromancer
   870 | D        | Noticed a jelly
   876 | D        | Killed a jelly
   879 | D        | Noticed a shadow
   891 | D        | Killed a shadow
   891 | D        | Reached skill level 10 in Armour
   891 | D        | Reached skill level 10 in Shields
   891 | D        | Reached XP level 8. HP: 48/53 MP: 8/8
   937 | D        | Found a stormy altar of Qazlal.
   938 | D        | Found a sacrificial altar of Ru.
   938 | D        | Found a burning altar of Makhleb.
   938 | D        | Found a viscous altar of Jiyva.
   938 | D        | Found a shimmering altar of Xom.
   938 | D        | Found a shadowy altar of Dithmenos.
   938 | D        | Found a sparkling altar of Nemelex Xobeh.
   938 | D        | Found a corrupted altar of Lugonu.
   938 | D        | Found an opulent altar of Gozag.
   938 | D        | Noticed a spatial vortex
   947 | D        | Killed a spatial vortex
  1090 | D        | Noticed a two-headed ogre
  1090 | D        | Noticed a two-headed ogre
  1097 | D        | Killed a two-headed ogre
  1103 | D        | Killed a two-headed ogre
  1103 | D        | Reached skill level 5 in Dodging
  1109 | D        | Noticed a two-headed ogre
  1131 | D        | Killed a two-headed ogre
  1286 | D        | Noticed a hill giant
  1293 | D        | Killed a hill giant
  1335 | D        | Noticed a hill giant
  1335 | D        | Noticed Erolcha
  1341 | D        | Killed Erolcha
  1341 | D        | Acquired Trog's third power
  1341 | D        | Reached skill level 10 in Maces & Flails
  1341 | D        | Reached skill level 11 in Armour
  1341 | D        | Reached XP level 9. HP: 60/60 MP: 9/9
  1347 | D        | Killed a hill giant
  1436 | D        | Noticed a trapdoor spider
  1437 | D        | Noticed a trapdoor spider
  1437 | D        | Noticed a redback
  1441 | D        | Killed a trapdoor spider
  1447 | D        | Killed a redback
  1447 | D        | Reached skill level 12 in Armour
  1450 | D        | Killed a trapdoor spider
  1616 | D        | Noticed a killer bee
  1616 | D        | Noticed a killer bee
  1616 | D        | Noticed a killer bee
  1616 | D        | Noticed a killer bee
  1616 | D        | Noticed a killer bee
  1616 | D        | Noticed a killer bee
  1616 | D        | Noticed a queen bee
  1616 | D        | Noticed a killer bee
  1616 | D        | Noticed a killer bee
  1616 | D        | Noticed a killer bee
  1616 | D        | Noticed a killer bee
  1616 | D        | Noticed a killer bee
  1616 | D        | Noticed a killer bee
  1616 | D        | Noticed a killer bee
  1616 | D        | Noticed a killer bee
  1616 | D        | Noticed a killer bee
  1616 | D        | Noticed a killer bee
  1618 | D        | Noticed a killer bee
  1618 | D        | Noticed a killer bee
  1618 | D        | Noticed a killer bee
  1619 | D        | Noticed a killer bee
  1619 | D        | Noticed a killer bee
  1619 | D        | Noticed a killer bee
  1620 | D        | Noticed a killer bee
  1622 | D        | Noticed a killer bee
  1623 | D        | Killed a killer bee
  1624 | D        | Noticed a killer bee
  1626 | D        | Noticed a killer bee
  1626 | D        | Noticed a killer bee
  1628 | D        | Noticed a killer bee
  1633 | D        | Noticed a killer bee
  1633 | D        | Killed a killer bee
  1636 | D        | Noticed a killer bee
  1639 | D        | Killed a killer bee
  1640 | D        | Noticed a killer bee
  1663 | D        | Killed a killer bee
  1664 | D        | Noticed a killer bee
  1666 | D        | Killed a killer bee
  1666 | D        | Received a gift from Trog
  1675 | D        | Killed a killer bee
  1678 | D        | Killed a killer bee
  1679 | D        | Killed a killer bee
  1686 | D        | Killed a killer bee
  1695 | D        | Killed a killer bee
  1695 | D        | Received a gift from Trog
  1697 | D        | Killed a killer bee
  1702 | D        | Killed a killer bee
  1708 | D        | Killed a killer bee
  1712 | D        | Killed a killer bee
  1717 | D        | Killed a killer bee
  1719 | D        | Killed a killer bee
  1719 | D        | Reached XP level 10. HP: 44/66 MP: 3/10
  1728 | D        | Killed a killer bee
  1736 | D        | Killed a killer bee
  1736 | D        | Received a gift from Trog
  1751 | D        | Killed a killer bee
  1756 | D        | Killed a killer bee
  1760 | D        | Killed a killer bee
  1762 | D        | Killed a killer bee
  1769 | D        | Killed a killer bee
  1773 | D        | Killed a killer bee
  1775 | D        | Killed a killer bee
  1791 | D        | Killed a killer bee
  1791 | D        | Received a gift from Trog
  1801 | D        | Killed a killer bee
  1803 | D        | Killed a killer bee
  1806 | D        | Killed a killer bee
  1809 | D        | Killed a killer bee
  1809 | D        | Reached skill level 13 in Shields
  1820 | D        | Killed a killer bee
  1828 | D        | Killed a killer bee
  1828 | D        | Received a gift from Trog
  1834 | D        | Killed a queen bee
  2047 | D        | Noticed a wandering mushroom
  2051 | D        | Noticed a wandering mushroom
  2053 | D        | Noticed a wandering mushroom
  2067 | D        | Killed a wandering mushroom
  2067 | D        | Reached skill level 10 in Fighting
  2076 | D        | Killed a wandering mushroom
  2083 | D        | Killed a wandering mushroom
  2154 | D        | Noticed a spiny frog
  2154 | D        | Noticed a komodo dragon
  2154 | D        | Noticed a spiny frog
  2162 | D        | Killed a spiny frog
  2162 | D        | Killed a komodo dragon
  2164 | D        | Killed a spiny frog
  2369 | D        | Noticed a redback
  2372 | D        | Noticed a brain worm
  2372 | D        | Killed a redback
  2378 | D        | Killed a brain worm
  2378 | D        | Received a gift from Trog
  2385 | D        | Noticed a brain worm
  2388 | D        | Killed a brain worm
  2441 | D        | Noticed a lindwurm
  2444 | D        | Killed a lindwurm
  2445 | D        | Noticed a redback
  2450 | D        | Killed a redback
  2459 | D        | Noticed a redback
  2463 | D        | Killed a redback
  2463 | D        | Reached skill level 14 in Shields
  2464 | D        | Noticed Maud
  2476 | D        | Killed Maud
  2476 | D        | Reached XP level 11. HP: 54/73 MP: 11/11
  2673 | D        | Noticed an electric eel
  2674 | D        | Noticed a four-headed hydra
  2674 | D        | Noticed a seven-headed hydra
  2675 | D        | Killed an electric eel
  2683 | D        | Killed a seven-headed hydra
  2689 | D        | Killed a four-headed hydra
  2689 | D        | Received a gift from Trog
  2702 | D        | Noticed a death drake
  2709 | D        | Killed a death drake
  2709 | D        | Reached skill level 15 in Shields
  2716 | D        | Found a blossoming altar of Fedhas.
  2716 | D        | Noticed a spriggan
  2716 | D        | Noticed a spriggan druid
  2716 | D        | Noticed a spriggan
  2725 | D        | Killed a spriggan druid
  2725 | D        | Reached skill level 15 in Armour
  2727 | D        | Killed a spriggan
  2732 | D        | Killed a spriggan
  2732 | D        | Received a gift from Trog
  2733 | D        | Killed a yaktaur
  2742 | D        | Noticed a water moccasin
  2746 | D        | Killed a water moccasin
  2954 | D        | Noticed Polyphemus
  2956 | D        | Noticed an elephant
  2956 | D        | Noticed a sea snake
  2978 | D        | Killed Polyphemus
  2993 | D        | Killed a sea snake
  3173 | D        | Killed an elephant
  3173 | D        | Received a gift from Trog
  3197 | D        | Noticed Ilsuiw
  3198 | D        | Found Qas Dim's Book Emporium.
  3266 | D        | Killed Ilsuiw
  3266 | D        | Reached skill level 16 in Armour
  3266 | D        | Reached XP level 12. HP: 58/81 MP: 12/12
  3471 | D        | Found Hel Wa Jelli's Food Shop.
  3472 | D        | Found Hyoseqoe's Antique Armour Shoppe.
  3473 | D        | Noticed a merfolk javelineer
  3506 | D        | Killed a merfolk javelineer
  3506 | D        | Reached skill level 15 in Maces & Flails
  3577 | D        | Got a barnacled rune of Zot
  3823 | D        | Noticed a swamp drake
  3823 | D        | Noticed a fire drake
  3826 | D        | Killed a fire drake
  3830 | D        | Killed a swamp drake
  3839 | D        | Noticed a blink frog
  3839 | D        | Noticed a blink frog
  3840 | D        | Noticed a blink frog
  3874 | D        | Killed a blink frog
  3874 | D        | Received a gift from Trog
  3876 | D        | Killed a blink frog
  3879 | D        | Killed a blink frog
  3886 | D        | Noticed a blink frog
  3895 | D        | Killed a blink frog
  3970 | D        | Killed a yaktaur
  4075 | D        | Noticed Rupert
  4095 | D        | Killed Rupert
  4421 | D        | Noticed a death yak
  4422 | D        | Noticed a death yak
  4422 | D        | Noticed a blink frog
  4425 | D        | Noticed a death yak
  4431 | D        | Noticed a death yak
  4432 | D        | Killed a death yak
  4438 | D        | Killed a death yak
  4438 | D        | Received a gift from Trog
  4438 | D        | Reached skill level 17 in Armour
  4439 | D        | Noticed a blink frog
  4440 | D        | Noticed a black mamba
  4443 | D        | Killed a death yak
  4447 | D        | Noticed a blink frog
  4454 | D        | Killed a death yak
  4458 | D        | Killed a black mamba
  4459 | D        | Killed a blink frog
  4469 | D        | Noticed a black mamba
  4471 | D        | Killed a black mamba
  4471 | D        | Reached skill level 10 in Dodging
  4480 | D        | Killed a blink frog
  4480 | D        | Received a gift from Trog
  4483 | D        | Killed a blink frog
  4490 | D        | Noticed an azure jelly
  4490 | D        | Noticed an azure jelly
  4491 | D        | Noticed an azure jelly
  4491 | D        | Noticed an azure jelly
  4758 | D        | Noticed an anaconda
  4758 | D        | Noticed a water moccasin
  4762 | D        | Killed a water moccasin
  4764 | D        | Killed an anaconda
  4798 | D        | Noticed a black mamba
  4799 | D        | Killed a black mamba
  4799 | D        | Received a gift from Trog
  4804 | D        | Noticed an anaconda
  4804 | D        | Noticed a black mamba
  4804 | D        | Noticed a water moccasin
  4804 | D        | Noticed an anaconda
  4813 | D        | Killed an anaconda
  4813 | D        | Reached XP level 13. HP: 88/88 MP: 13/13
  4814 | D        | Killed an anaconda
  4817 | D        | Killed a black mamba
  4822 | D        | Killed a water moccasin
  4900 | D        | Noticed a naga
  4900 | D        | Noticed a naga
  4901 | D        | Noticed a naga warrior
  4901 | D        | Noticed a greater naga
  4913 | D        | Killed a naga
  4915 | D        | Killed a naga
  4915 | D        | Received a gift from Trog
  4916 | D        | Killed a greater naga
  4918 | D        | Killed a naga warrior
  4918 | D        | Reached skill level 18 in Armour
  4931 | D        | Found Ticirua's Gadget Boutique.
  4931 | D        | Found Waikoewa's Antique Armour Emporium.
  4935 | D        | Found Ydel's Magic Scroll Shop.
  4944 | D        | Noticed a guardian serpent
  4948 | D        | Killed a guardian serpent
  4948 | D        | Received a gift from Trog
  4949 | D        | Got a steaming flail {god gift}
  4950 | D        | Identified the +4 flail of Mudoisim {antimagic, rF+ rC+} (Trog gifted it to you in the Dungeon)
  4957 | D        | Got a serpentine rune of Zot
  4964 | D        | Gained mutation: Scrolls take you longer to read. [mutagenic meat]
  4965 | D        | Gained mutation: Your body sometimes deteriorates upon taking damage. [mutagenic meat]
  4966 | D        | Lost mutation: Your body sometimes deteriorates upon taking damage. [mutagenic meat]
  4967 | D        | Gained mutation: Your magical capacity is low (-10% MP). [mutagenic meat]
  5253 | D        | Noticed an elephant
  5253 | D        | Noticed a dire elephant
  5253 | D        | Noticed a dire elephant
  5253 | D        | Noticed Gastronok
  5267 | D        | Killed a dire elephant
  5269 | D        | Killed a dire elephant
  5272 | D        | Killed an elephant
  5281 | D        | Killed Gastronok
  5281 | D        | Received a gift from Trog
  5567 | D        | Noticed an orc knight
  5567 | D        | Noticed an orc warrior
  5567 | D        | Noticed an orc priest
  5571 | D        | Noticed an orc priest
  5573 | D        | Noticed an orc priest
  5575 | D        | Killed an orc priest
  5576 | D        | Killed an orc priest
  5583 | D        | Noticed an orc warrior
  5584 | D        | Killed an orc priest
  5586 | D        | Noticed an orc sorcerer
  5586 | D        | Killed an orc warrior
  5589 | D        | Killed an orc sorcerer
  5592 | D        | Noticed an orc warrior
  5597 | D        | Noticed an orc knight
  5601 | D        | Killed an orc knight
  5606 | D        | Killed an orc knight
  5606 | D        | Received a gift from Trog
  5607 | D        | Found Jioraz's Antique Armour Shop.
  5607 | D        | Noticed an orc sorcerer
  5609 | D        | Noticed an orc priest
  5614 | D        | Paralysed by an orc sorcerer for 5 turns
  5626 | D        | Killed an orc warrior
  5627 | D        | Killed an orc sorcerer
  5631 | D        | Killed an orc warrior
  5632 | D        | Killed an orc priest
  5904 | D        | Bought a translucent chain mail for 171 gold pieces
  5914 | D        | Identified the +8 chain mail of the King of the Hill {rC+ SInv} (You bought it in a shop in the Dungeon)
  6286 | D        | Noticed Harold
  6286 | D        | Noticed Joseph
  6292 | D        | Killed Harold
  6292 | D        | Received a gift from Trog
  6299 | D        | Killed Joseph
  6404 | D        | Got a fine mace {god gift}
  6405 | D        | Identified the +9 mace of Dunkofev {flame, -Tele rF- MR+ Dex+9} (Trog gifted it to you in the Dungeon)
  6409 | D        | Noticed an orc priest
  6409 | D        | Noticed an orc high priest
  6428 | D        | Noticed an orc high priest
  6432 | D        | Noticed an orc priest
  6462 | D        | Killed an orc priest
  6469 | D        | Killed an orc high priest
  6472 | D        | Killed an orc high priest
  6475 | D        | Killed an orc priest
  6539 | D        | Noticed a yaktaur
  6542 | D        | Received a gift from Trog
  6555 | D        | Noticed a skeletal warrior
  6561 | D        | Killed a skeletal warrior
  6673 | D        | Noticed a spriggan defender
  6674 | D        | Noticed a spriggan defender
  6674 | D        | Noticed a spriggan defender
  6674 | D        | Noticed a spriggan defender
  6683 | D        | Noticed a blink frog
  6686 | D        | Noticed a crystal guardian
  6691 | D        | Killed a spriggan defender
  6691 | D        | Reached skill level 19 in Shields
  6696 | D        | Killed a blink frog
  6705 | D        | Killed a spriggan defender
  6709 | D        | Killed a spriggan defender
  6717 | D        | Killed a spriggan defender
  6762 | D        | Noticed an orange crystal statue
  6775 | D        | Killed a crystal guardian
  6787 | D        | Noticed a crystal guardian
  6787 | D        | Noticed a crystal guardian
  6787 | D        | Noticed a crystal guardian
  6793 | D        | Killed a crystal guardian
  6803 | D        | Killed a crystal guardian
  6810 | D        | Killed a crystal guardian
  6811 | D        | Noticed a fire elementalist statue
  6812 | D        | Noticed an earth elementalist statue
  6992 | D        | Noticed a water elementalist statue
  6992 | D        | Noticed an air elementalist statue
  7017 | D        | Killed an orange crystal statue
  7032 | D        | Found Baicra's Antique Armour Emporium.
  7032 | D        | Found Laed Sia's Gadget Shop.
  7032 | D        | Found Ufefylip's Armour Boutique.
  7032 | D        | Found Peskiutu's Jewellery Shoppe.
  7032 | D        | Found Reonige's Gadget Boutique.
  7032 | D        | Found Canobism's Distillery.
  7032 | D        | Found Eki Fil's Gadget Shoppe.
  7032 | D        | Found Luic Utaq's Antique Weapon Shop.
  7032 | D        | Found Qeopho's Food Shop.
  7032 | D        | Found Vopsefops's Magic Scroll Emporium.
  7032 | D        | Found Reaf's Book Emporium.
  7032 | D        | Found Nukuupn's Antique Armour Boutique.
  7078 | D        | Bought a pair of ancient boots for 171 gold pieces
  7078 | D        | Bought a crude plate armour for 504 gold pieces
  7083 | D        | Identified the +2 pair of boots "Sytosewn" {*Confuse rN++ MR+ Dex+3} (You bought it in a shop in the Dungeon)
  7093 | D        | Identified the cursed +1 plate armour of Reason {+Inv rPois} (You bought it in a shop in the Dungeon)
  7333 | D        | Bought the amulet "Beamahoe" {Faith SInv} for 665 gold pieces
  7389 | D        | Noticed a slime creature
  7395 | D        | Killed a slime creature
  7403 | D        | Noticed a centaur warrior
  7412 | D        | Killed a centaur warrior
  7426 | D        | Noticed a fire dragon
  7436 | D        | Killed a fire dragon
  7436 | D        | Received a gift from Trog
  7436 | D        | Reached skill level 1 in Evocations
  7453 | D        | Noticed a centaur warrior
  7463 | D        | Killed a centaur warrior
  7627 | D        | Noticed a cyan ugly thing
  7631 | D        | Killed a cyan ugly thing
  7631 | D        | Gained mutation: Your large and strong wings let you fly indefinitely. [Gargoyle growth]
  7631 | D        | Reached XP level 14. HP: 96/96 MP: 13/13
  7635 | D        | Gained mutation: You are dopey. (Int -2) [mutagenic meat]
  7646 | D        | Noticed a red ugly thing
  7653 | D        | Killed a red ugly thing
  7653 | D        | Received a gift from Trog
  7717 | D        | Noticed a scimitar of draining
  7717 | D        | Noticed a mace of protection
  7718 | D        | Noticed a battleaxe of chopping
  7725 | D        | Killed a scimitar of draining
  7733 | D        | Killed a mace of protection
  7742 | D        | Killed a battleaxe of chopping
  7747 | D        | Noticed a battleaxe of freezing
  7754 | D        | Killed a battleaxe of freezing
  7761 | D        | Got a jewelled mace
  7766 | D        | Identified the +1 mace of the Sage {drain, rF+ Str-4 Int+8} (You found it in the Dungeon)
  7993 | D        | Noticed a slime creature
  7993 | D        | Noticed a sea snake
  7993 | D        | Noticed a slime creature
  7999 | D        | a sea snake changed into a torpor snail
  8000 | D        | Noticed a slime creature
  8006 | D        | Killed a slime creature
  8008 | D        | Killed a slime creature
  8009 | D        | Killed a slime creature
  8009 | D        | Received a gift from Trog
  8032 | D        | Noticed a yaktaur captain
  8067 | D        | Killed a yaktaur captain
  8219 | D        | Noticed Chuck
  8219 | D        | Noticed a boulder beetle
  8223 | D        | Killed a boulder beetle
  8225 | D        | Received a gift from Trog
  8247 | D        | Killed Chuck
  8247 | D        | Reached skill level 20 in Armour
  8259 | D        | Lost mutation: You are dopey. (Int -2) [mutagenic meat]
  8260 | D        | Gained mutation: Your mind is acute. (Int +2) [mutagenic meat]
  8262 | D        | Gained mutation: Your magical capacity is very low (-20% MP). [mutagenic meat]
  8352 | D        | Noticed a slime creature
  8352 | D        | Noticed Norris
  8362 | D        | Killed a slime creature
  8385 | D        | Killed Norris
  8385 | D        | Reached skill level 15 in Fighting
  8389 | D        | Received a gift from Trog
  8604 | D        | Noticed a deep elf priest
  8604 | D        | Noticed a deep elf priest
  8604 | D        | Noticed a deep elf conjurer
  8604 | D        | Noticed a deep elf conjurer
  8604 | D        | Noticed a deep elf priest
  8610 | D        | Killed a deep elf conjurer
  8614 | D        | Killed a deep elf conjurer
  8614 | D        | Received a gift from Trog
  8618 | D        | Killed a deep elf priest
  8622 | D        | Killed a deep elf priest
  8625 | D        | Killed a deep elf priest
  8642 | D        | Noticed a deep elf conjurer
  8644 | D        | Noticed a deep elf high priest
  8690 | D        | Noticed a deep elf annihilator
  8740 | D        | Noticed a yaktaur
  8740 | D        | Noticed a yaktaur captain
  8741 | D        | Noticed a yaktaur captain
  8744 | D        | Killed a yaktaur
  8748 | D        | Killed a yaktaur
  8748 | D        | Reached skill level 5 in Evocations
  8762 | D        | Killed a yaktaur captain
  8771 | D        | Killed a yaktaur captain
  8787 | D        | Noticed Azrael
  8798 | D        | Killed Azrael
  9008 | D        | Killed an azure jelly
  9008 | D        | Received a gift from Trog
  9020 | D        | Killed an azure jelly
  9031 | D        | Killed an azure jelly
  9031 | D        | Reached skill level 21 in Armour
  9038 | D        | Killed an azure jelly
  9103 | D        | Bought a scroll of enchant armour for 75 gold pieces
  9103 | D        | Bought a scroll of magic mapping for 35 gold pieces
  9335 | D        | Noticed a five-headed hydra
  9335 | D        | a five-headed hydra changed into an ettin
  9343 | D        | Received a gift from Trog
  9344 | D        | Got a fine great mace {god gift}
  9356 | D        | Noticed a lich
  9362 | D        | Noticed a green ugly thing
  9368 | D        | Killed a lich
  9371 | D        | Noticed an ogre mage
  9371 | D        | Noticed a shadow dragon
  9375 | D        | Noticed a shadow dragon
  9376 | D        | Killed a green ugly thing
  9410 | D        | Killed a shadow dragon
  9410 | D        | Reached XP level 15. HP: 96/104 MP: 16/16
  9426 | D        | Killed a shadow dragon
  9432 | D        | Killed an ogre mage
  9451 | D        | Noticed an obsidian statue
  9452 | D        | Noticed a boulder beetle
  9456 | D        | a boulder beetle changed into an elephant
  9467 | D        | Killed an obsidian statue
  9483 | D        | Lost mutation: You are resistant to hostile enchantments. [mutagenic meat]
  9587 | D        | Noticed a necromancer
  9591 | D        | Killed a necromancer
  9591 | D        | Received a gift from Trog
  9605 | D        | Noticed a skeletal warrior
  9612 | D        | Killed a skeletal warrior
  9619 | D        | Noticed a bone dragon
  9637 | D        | Killed a bone dragon
  9637 | D        | Reached skill level 22 in Armour
  9644 | D        | Noticed a vampire knight
  9655 | D        | Killed a vampire knight
  9668 | D        | Noticed a vampire knight
  9681 | D        | Killed a vampire knight
  9704 | D        | Noticed a guardian mummy
  9707 | D        | Killed a guardian mummy
  9718 | D        | Noticed a vampire knight
  9727 | D        | Killed a vampire knight
  9736 | D        | Noticed a vampire knight
  9756 | D        | Killed a vampire knight
  9756 | D        | Received a gift from Trog
  9766 | D        | Noticed a necromancer
  9769 | D        | Killed a necromancer
  9769 | D        | Received a gift from Trog
  9784 | D        | Noticed a skeletal warrior
  9796 | D        | Killed a skeletal warrior
 10040 | D        | Noticed a fire dragon simulacrum
 10040 | D        | Noticed a fire dragon simulacrum
 10041 | D        | Noticed a polar bear simulacrum
 10041 | D        | Noticed a four-headed hydra simulacrum
 10048 | D        | Killed a fire dragon simulacrum
 10051 | D        | Killed a polar bear simulacrum
 10058 | D        | Killed a four-headed hydra simulacrum
 10062 | D        | Killed a fire dragon simulacrum
 10071 | D        | Got a twisted scale mail
 10091 | D        | Identified the +2 scale mail of Riliwk {*Confuse Str+4 SInv} (You found it in the Dungeon)
 10432 | D        | Noticed a deep elf high priest
 10436 | D        | Noticed a deep elf conjurer
 10436 | D        | Noticed a deep elf blademaster
 10438 | D        | Noticed a deep elf annihilator
 10441 | D        | Killed a deep elf conjurer
 10446 | D        | Killed a deep elf high priest
 10446 | D        | Received a gift from Trog
 10452 | D        | Killed a deep elf high priest
 10498 | D        | Killed a deep elf conjurer
 10504 | D        | Killed a deep elf annihilator
 10563 | D        | Killed a deep elf annihilator
 10565 | D        | Got a jewelled lajatang
 10565 | D        | Got a fine amethyst amulet
 10575 | D        | Identified the amulet "Morystri" {+Rage rC++ Dex+3} (You took it off a deep elf annihilator in the Dungeon)
 10638 | D        | Killed a deep elf blademaster
 10638 | D        | Reached skill level 23 in Armour
 11034 | D        | Noticed a bone dragon
 11048 | D        | Killed a bone dragon
 11060 | D        | Noticed a skeletal warrior
 11070 | D        | Killed a skeletal warrior
 11084 | D        | Noticed a bone dragon
 11109 | D        | Killed a bone dragon
 11109 | D        | Reached skill level 10 in Evocations
 11115 | D        | Noticed a guardian mummy
 11123 | D        | Killed a guardian mummy
 11190 | D        | Noticed a guardian mummy
 11190 | D        | Noticed a mummy priest
 11198 | D        | Killed a guardian mummy
 11206 | D        | Noticed a sphinx
 11206 | D        | Noticed a sphinx
 11207 | D        | Noticed a guardian mummy
 11209 | D        | Killed a mummy priest
 11210 | D        | Noticed a guardian mummy
 11217 | D        | Killed a sphinx
 11217 | D        | Received a gift from Trog
 11223 | D        | Killed a guardian mummy
 11230 | D        | Killed a guardian mummy
 11232 | D        | Killed a sphinx
 11384 | D        | Noticed a guardian mummy
 11384 | D        | Noticed a guardian mummy
 11388 | D        | Killed a guardian mummy
 11395 | D        | Killed a guardian mummy
 11558 | D        | Noticed a mummy priest
 11564 | D        | Killed a mummy priest
 11564 | D        | Reached XP level 16. HP: 96/114 MP: 6/19
 11642 | D        | Noticed a guardian mummy
 11644 | D        | Noticed a guardian mummy
 11652 | D        | Killed a guardian mummy
 11656 | D        | Killed a guardian mummy
 11672 | D        | Noticed a guardian mummy
 11679 | D        | Killed a guardian mummy
 12187 | D        | Noticed a shadow dragon
 12187 | D        | Noticed a vault guard
 12187 | D        | Noticed a vault guard
 12231 | D        | Killed a vault guard
 12231 | D        | Reached skill level 24 in Armour
 12242 | D        | Noticed a vault guard
 12245 | D        | Noticed a vault guard
 12269 | D        | Killed a vault guard
 12269 | D        | Reached skill level 15 in Dodging
 12280 | D        | Killed a vault guard
 12327 | D        | Noticed a skeletal warrior
 12327 | D        | Noticed a vault guard
 12342 | D        | Killed a skeletal warrior
 12345 | D        | Killed a vault guard
 12360 | D        | Lost mutation: Your spells are a little easier to cast, but a little less powerful. [mutagenic meat]
 12368 | D        | Noticed a golden dragon
 12369 | D        | Noticed a vault guard
 12369 | D        | Noticed a vault guard
 12396 | D        | Killed a vault guard
 12404 | D        | Killed a golden dragon
 12417 | D        | Noticed a quicksilver dragon
 12425 | D        | Killed a shadow dragon
 12425 | D        | Received a gift from Trog
 12431 | D        | Killed a vault guard
 12437 | D        | Killed a quicksilver dragon
 12440 | D        | Noticed a vault guard
 12462 | D        | Killed a vault guard
 12463 | D        | Noticed a vault guard
 12465 | D        | Noticed a slime creature
 12467 | D        | Noticed a vault guard
 12495 | D        | Killed a vault guard
 12534 | D        | Noticed a frost giant
 12539 | D        | Noticed a golden dragon
 12545 | D        | Killed a frost giant
 12545 | D        | Received a gift from Trog
 12554 | D        | Killed a golden dragon
 12556 | D        | Killed a slime creature
 12556 | D        | Reached skill level 25 in Armour
 12557 | D        | Noticed a skeletal warrior
 12565 | D        | Killed a skeletal warrior
 12605 | D        | Killed a vault guard
 12620 | D        | Noticed a vault guard
 12640 | D        | Killed a vault guard
 12644 | D        | Got a warped dagger
 12670 | D        | Noticed a vault guard
 12670 | D        | Noticed a vault guard
 12670 | D        | Noticed a titan
 12670 | D        | Noticed a vault guard
 12670 | D        | Noticed a vault guard
 12672 | D        | Noticed a golden dragon
 12672 | D        | Noticed a shadow dragon
 12709 | D        | Killed a vault guard
 12721 | D        | Killed a vault guard
 12733 | D        | Killed a golden dragon
 12733 | D        | Received a gift from Trog
 12741 | D        | Killed a vault guard
 12752 | D        | Killed a titan
 12787 | D        | Noticed a vault guard
 12809 | D        | Killed a vault guard
 12813 | D        | Killed a vault guard
 12832 | D        | Killed a vault guard
 12832 | D        | Received a gift from Trog
 13010 | D        | Killed a shadow dragon
 13012 | D        | Got a silver rune of Zot
 13015 | D        | Received a gift from Trog
 13018 | D        | Received a gift from Trog
 13410 | D        | Got a fine halberd
 14777 | D        | Noticed a guardian mummy
 14777 | D        | Noticed a guardian mummy
 14777 | D        | Noticed a mummy priest
 14777 | D        | Noticed a guardian mummy
 14777 | D        | Noticed a guardian mummy
 14777 | D        | Noticed a mummy priest
 14777 | D        | Noticed a guardian mummy
 14777 | D        | Noticed a guardian mummy
 14777 | D        | Noticed a guardian mummy
 14779 | D        | Noticed a guardian mummy
 14781 | D        | Killed a guardian mummy
 14785 | D        | Noticed a greater mummy
 14787 | D        | Killed a guardian mummy
 14794 | D        | Killed a guardian mummy
 14797 | D        | Killed a guardian mummy
 14804 | D        | Killed a guardian mummy
 14810 | D        | Killed a mummy priest
 14812 | D        | Killed a guardian mummy
 14814 | D        | Killed a guardian mummy
 14816 | D        | Killed a guardian mummy
 14827 | D        | Killed a greater mummy
 14827 | D        | Reached skill level 26 in Armour
 14827 | D        | Reached XP level 17. HP: 33/126 MP: 20/20
 14836 | D        | Killed a mummy priest
 14855 | D        | Noticed a greater mummy
 14855 | D        | Noticed a mummy priest
 14855 | D        | Noticed a mummy priest
 14923 | D        | Killed a greater mummy
 14932 | D        | Killed a mummy priest
 15283 | D        | Killed a mummy priest
 15290 | D        | Received a gift from Trog
 15293 | D        | Got a golden rune of Zot
 15526 | D        | Got a warped cloak
 15537 | D        | Identified the +0 cloak of the Doldrums {MR+} (You acquired it in the Dungeon)
 15539 | D        | Got a faintly glowing large shield
 15550 | D        | Identified the +7 large shield of Dugiggaa {rC++ Regen+ Str+4 Dex-5} (You acquired it in the Dungeon)
 15552 | D        | Got a warped flail
 15553 | D        | Identified the +3 flail of the Traitor {crush, rN+ MR- Str+3} (You acquired it in the Dungeon)
 15681 | D        | Noticed a shining eye
 15681 | D        | Noticed an azure jelly
 15835 | D        | Killed an azure jelly
 16074 | D        | Killed a shining eye
 16234 | D        | Received a gift from Trog
 16343 | D        | Noticed a shining eye
 16343 | D        | Noticed an azure jelly
 16357 | D        | Killed an azure jelly
 16362 | D        | Killed a shining eye
 16511 | D        | Found a viscous altar of Jiyva.
 16511 | D        | Noticed the royal jelly
 16521 | D        | Killed the royal jelly
 16521 | D        | Received a gift from Trog
 16536 | D        | Splashed by an acid blob's acid

Vault maps used:
D:        dungeon_sprint_mu

Action                   |  1- 3 |  4- 6 |  7- 9 | 10-12 | 13-15 | 16-18 || total
-------------------------+-------+-------+-------+-------+-------+-------++-------
Melee: Flail             |    31 |    42 |   120 |       |    95 |       ||   288
       Morningstar       |       |       |    50 |   176 |   124 |   102 ||   452
       Eveningstar       |       |       |       |   261 |   323 |   290 ||   874
       Mace              |       |       |       |       |   219 |    25 ||   244
       Demon whip        |       |       |       |       |   153 |       ||   153
Throw: Throwing net      |       |       |       |     2 |     1 |       ||     3
Invok: Trog's Hand       |       |     1 |     7 |    15 |    13 |     8 ||    44
       Burn Spellbooks   |       |     1 |       |       |     3 |     4 ||     8
       Berserk           |       |       |     3 |     3 |     7 |     2 ||    15
       Brothers in Arms  |       |       |     1 |     4 |     5 |     1 ||    11
 Abil: Evoke Invisibilit |       |       |       |       |     2 |       ||     2
       Fly               |       |       |       |       |     1 |       ||     1
       Stop Flying       |       |       |       |       |       |     1 ||     1
  Use: Potion            |       |     4 |       |     1 |       |     1 ||     6
       Scroll            |       |     4 |       |       |    19 |    10 ||    33
 Stab: Held in net/web   |       |       |       |     2 |       |       ||     2
       Distracted        |       |       |       |       |     2 |     1 ||     3
       Invisible         |       |       |       |       |     5 |       ||     5
  Eat: Bread ration      |       |       |     1 |     1 |       |       ||     2
       Chunk             |       |       |     2 |     8 |    34 |     4 ||    48
       Fruit             |       |       |       |     4 |     9 |       ||    13
       Royal jelly       |       |       |       |       |     4 |     8 ||    12
